Map: Orbital Shipyard

Players

MorN

  • Race: Terran Terran
  • League: Master

Ineffable - Winner!

  • Race: Terran Terran
  • League: Diamond

VOD

Have the link to the VOD?

Description

Time

  • Played on: Dec. 4, 2015, 2:02 a.m.
  • Length: 4:17
Show
View Real Time Build Order
Export as new Build Order

MorN Terran 

Build Orders: Reaper Expand 

Get SALT Encoding   

  12  0:00  SCV  
  13  0:13  SCV  
  14  0:17  Supply Depot  
  14  0:25  SCV  
  15  0:40  Barracks  
  15  0:43  Refinery  
  15  0:45  SCV  
  16  0:57  SCV  
  17  1:09  SCV  
  18  1:21  SCV  
  19  1:28  Reaper  
  20  1:34  Orbital Command  
  20  1:44  Command Center  
  20  1:54  Supply Depot  
  20  2:00  Reaper  
  20  2:01  SCV  
  22  2:14  Refinery  
  22  2:16  SCV  
  23  2:28  SCV  
  24  2:33  Reaper  
  25  2:40  SCV  
  26  2:47  Factory  
  26  2:52  SCV  
  26  2:57  Orbital Command  
  27  3:04  SCV  
  28  3:13  Supply Depot  
  28  3:15  Barracks Reactor  
  28  3:16  SCV  
  29  3:26  SCV  
  30  3:28  SCV  
  30  3:33  Starport  
  28  3:36  Hellion  
  28  3:38  SCV  
  28  3:40  SCV  
  32  3:46  Bunker  
  32  3:50  SCV  
  32  3:52  SCV  
  34  4:01  Barracks Tech Lab  
  40  4:11  Refinery  
  40  4:14  Command Center  
Show
View Real Time Build Order
Export as new Build Order

Ineffable Terran - Winner!

Build Orders:  

Get SALT Encoding   

  12  0:01  SCV  
  13  0:17  SCV  
  13  0:18  Supply Depot  
  14  0:29  SCV  
  15  0:42  SCV, Barracks  
  16  0:53  Supply Depot  
  16  0:54  SCV  
  17  1:05  Barracks  
  17  1:23  Barracks  
  17  1:31  Orbital Command, Marine  
  18  1:44  Barracks  
  18  1:48  Marine  
  19  2:01  Barracks  
  19  2:05  Barracks  
  19  2:09  Marine  
  19  2:11  Marine  
  19  2:15  Marine  
  22  2:22  Supply Depot  
  22  2:27  Marine  
  22  2:29  Marine  
  23  2:32  Marine  
  23  2:33  Marine  
  26  2:44  Marine  
  26  2:47  Marine  
  26  2:49  Marine  
  26  2:50  Marine x2  
  31  2:58  Marine  
  32  3:02  Supply Depot, Marine  
  32  3:05  Marine  
  33  3:07  Marine  
  33  3:08  Marine  
  33  3:11  Marine  
  37  3:15  Marine  
  38  3:20  Marine  
  38  3:23  Marine  
  40  3:33  Marine  
  40  3:34  Marine x3  
  40  3:38  Marine  
  44  3:41  Marine  
  45  3:51  Marine  
  45  3:52  Supply Depot, Marine  
  47  4:03  Supply Depot  
Tags
 
Add a new tag
Caveats
  • Supply blocks, unpowered buildings, or Contaminate may cause inaccurate times.
  • Supply counts are checked every 10 seconds.